 Dungeon Crawl Stone Soup version 0.21-a0-404-g291f19a (webtiles) character file.

0 Charmandara the Vexing (level 1, 0/10 HPs)
             Began as a Deep Elf Enchanter on Oct 28, 2017.
             Slain by a kobold
             ... wielding a +0 whip
              (5 damage)
             ... on level 1 of the Dungeon.
             The game lasted 00:00:57 (321 turns).

Charmandara the Vexing (Deep Elf Enchanter)          Turns: 321, Time: 00:00:58

Health: 0/10       AC:  2    Str:  5    XL:     1   Next: 8%
Magic:  5/6        EV: 13    Int: 19    God:
Gold:   26         SH:  0    Dex: 15    Spells: 5/6 levels left

rFire    . . .     SeeInvis .   a - +1 dagger
rCold    . . .     Gourm    .   (no shield)
rNeg     . . .     Faith    .   b - +0 robe
rPois    .         Spirit   .   (no helmet)
rElec    .         Reflect  .   (no cloak)
rCorr    .         Harm     .   (no gloves)
MR       .....                  (no boots)
Stlth    ++........             (no amulet)
HPRegen  0.03/turn              (no ring)
MPRegen  0.10/turn              (no ring)

@: no status effects
A: no striking features
a: no special abilities


You were on level 1 of the Dungeon.
You were not hungry.

You visited 1 branch of the dungeon, and saw 1 of its levels.

You collected 26 gold pieces.

Inventory:

Hand Weapons
 a - a +1 dagger (weapon)
Armour
 b - a +0 robe (worn)
Scrolls
 f - a scroll of identify {unknown}
Potions
 e - a potion of ambrosia {unknown}
Books
 c - a book of Maledictions
Comestibles
 d - a bread ration {@e1}
 g - a meat ration {@e2}


   Skills:
 * Level 1.0 Short Blades
 - Level 2.4 Dodging
 + Level 3.6 Stealth
 - Level 3.0 Spellcasting
 - Level 4.0 Hexes


You had 5 spell levels left.
You knew the following spells:

 Your Spells              Type           Power        Failure   Level  Hunger
v - Corona                Hex            ###....      3%          1    None


Dungeon Overview and Level Annotations

Branches:
Dungeon (1/15)

Altars:


Message History

Welcome, Charmandara the Deep Elf Enchanter.
It is said that the Orb of Zot exists deep within this dungeon.
Found a staircase leading out of the dungeon.
e - a coppery potion You now have 12 gold pieces.
A goblin comes into view. It is wielding a dagger.
The goblin shouts!
You barely miss the goblin. The goblin hits you but does no damage.
You barely miss the goblin. The goblin misses you.
You miss the goblin. The goblin hits you with a dagger.
You take 1 damage, and have 9/10 hp.
You hit the goblin. The goblin closely misses you.
You hit the goblin.
You kill the goblin!
f - a scroll labeled WEFEFU QOISIA You see here a dagger.
Health restored: 10 There isn't anything to butcher here.
You start waiting.
Done waiting.
g - a meat ration {@e2} You now have 17 gold pieces (gained 5).
You now have 26 gold pieces (gained 9).
A goblin comes into view. It is wielding a club.
Found a club.
Found an escape hatch in the floor.
A kobold comes into view. It is wielding a whip.
The jackal barks!
The kobold shouts!
A rat comes into view.
The goblin shouts!
You hit the kobold.
The rat moves out of view.
The kobold hits you with a whip.
You take 3 damage, and have 7/10 hp.
MASSIVE DAMAGE!!
The kobold hits you with a whip.
Ouch! That really hurt!
* * * LOW HITPOINT WARNING * * *
You take 5 damage, and have 2/10 hp.
MASSIVE DAMAGE!!
The kobold misses you.
Aim: a kobold, wielding a whip (chance to defeat MR: 73%)
The kobold is outlined in light.
The kobold closely misses you.
You now have 5/6 mp.
Unknown command.
You barely miss the kobold. The kobold hits you with a whip.
Ouch! That really hurt!
You die...

############
...........#
##########.# #####
## #.# #... .#
#.#####.# .#
#.......#
.#########..####.#
.........#..# #@#
...(........# #K#
#.####...##.## #g#
#..# #...##..#
#.###.#
##.#########.#
#.....#
##.##..#..<#r#
#.#####
§#.#.##.#..#.# #..#
.§#.#§§###.#.###..#
§.#.###.#..#..##..#


You could see a goblin and a kobold.

Vanquished Creatures
  A goblin (D:1)
1 creature vanquished.

Notes
Turn   | Place    | Note
-------+----------+-------------------------------------------
     0 | D:1      | Charmandara the Deep Elf Enchanter began the quest for the Orb.
     0 | D:1      | Reached XP level 1. HP: 10/10 MP: 6/6
   204 | D:1      | HP: 2/10 [kobold/whip (5)]
   321 | D:1      | Slain by a kobold

Vault maps used:
D:1:      dpeg_arrival_brainrot, minivault_26, minmay_misc_feat_ornament

Action                   || total
-------------------------++-------
Melee: Dagger            ||     7
 Cast: Corona            ||     1
Armor: Robe              ||     1
Dodge: Dodged            ||     4

Table legend:
 A = Spawn XP
 B = Non-spawn XP
 C = Spawn XP percentage of total XP
 D = Spawn monster count
 E = Non-spawn monster count
 F = Spawn count percentage of total count
 G = Total turns spent on level
                    A         B        C        D         E        F      G
               +---------+---------+-------+---------+---------+-------+---------
         Total |       0 |       1 |   0.0 |       0 |       1 |   0.0 |   321
               +---------+---------+-------+---------+---------+-------+---------
           D:1 |       0 |       1 |   0.0 |       0 |       1 |   0.0 |   321
               +---------+---------+-------+---------+---------+-------+---------

Vault maps used:
D:1:      dpeg_arrival_brainrot, minivault_26, minmay_misc_feat_ornament

Table legend:
 A = Turns spent in this place as a percentage of turns spent in the entire game.
 B = Non-inter-level travel turns spent in this place as a percentage of non-inter-level travel turns spent in the entire game.
 C = Inter-level travel turns spent in this place as a percentage of turns spent in this place.
 D = Turns resting spent in this place as a percentage of non-inter-level travel turns spent in this place.
 E = Turns spent auto-exploring this place as a percentage of non-inter-level travel turns spent in this place.
 F = Non-inter-level travel turns spent in this place divided by the number of levels of this place that you've seen.
                   A       B       C       D       E      F
               +-------+-------+-------+-------+-------+----------------------
         Total | 100.0 | 100.0 |   0.0 |  31.2 |  28.0 | 321.0
       Dungeon | 100.0 | 100.0 |   0.0 |  31.2 |  28.0 | 321.0
               +-------+-------+-------+-------+-------+----------------------

Table legend:
 A = Kills in this place as a percentage of kills in entire the game.
 B = Kills by you in this place as a percentage of kills by you in the entire game.
 C = Kills by friends in this place as a percentage of kills by friends in the entire game.
 D = Other kills in this place as a percentage of other kills in the entire game.
 E = Experience gained in this place as a percentage of experience gained in the entire game.
 F = Experience gained in this place divided by the number of levels of this place that you have seen.
                   A       B       C       D       E      F
               +-------+-------+-------+-------+-------+----------------------
         Total | 100.0 | 100.0 |   N/A |   N/A | 100.0 |   1.0
       Dungeon | 100.0 | 100.0 |   N/A |   N/A | 100.0 |   1.0
               +-------+-------+-------+-------+-------+----------------------
